cohdb
Replays
Latest Replays
All Replays
Popular Replays
Top Player Replays
Match Explorer
How It Works
Community
CoH3 Stats
Reddit
Sign in to upload your games and track your stats! →
Sign in with Steam
Match 44295621
Unlisted
Match 44295621
Overview
Messages
Build Orders
End
Panzerpioneer Squad
Selects Panzerjäger Kommand Battlegroup
Kradschützen Motorcycle Team
Construct Light Support Kompanie
MG34 Team
Assault Grenadier Squad
Assault Grenadier Squad
2.5-tonne Medical Truck
Fire Support Elements
Selects Mine Fields
Pak 38 Anti-tank Gun Team
Forward Retreat Point
Construct Panzerarmee Kommand
Selects Defensive Positions
Selects Tank Busters
Panzer III L Medium Tank
Panzer III L Medium Tank
Tungsten Core Ammunition
Vehicle Survival Package
Panzer III L Medium Tank
Selects Crew Shock Tactics
Emergency Repair Kits
Panzerjäger Squad
Panzerjäger Squad
Flakvierling Half-track
Walking Stuka Rocket Launcher
Armored Reserves
Flak 36 Anti-tank Gun Team
Selects Elefant Tank Destroyer
Elefant Tank Destroyer
StuG Assault Group
Selects Butterfly Bomb Drop
Butterfly Bomb Drop
Panzerjäger Squad
Butterfly Bomb Drop
Rapid Advance
Butterfly Bomb Drop
Husar
Step six solitary
Plykker
DasBaUM
alper
Atom
星际大元帅
Lish
0
0
Comments
sign in to comment!
No comments posted yet!